 Dungeon Crawl Stone Soup version 0.26-a0-79-g47e9afce7f (webtiles) character file.

Game seed: 16618186964939603968

81 mbyx9jk2 the Sneak (level 4, -7/30 HPs)
             Began as an Octopode Assassin on June 15, 2020.
             Mangled by a gnoll
             ... wielding a +0 spear
              (8 damage)
             ... on level 3 of the Dungeon.
             The game lasted 00:11:40 (1554 turns).

mbyx9jk2 the Sneak (Octopode Assassin)              Turns: 1554, Time: 00:11:41

Health: -7/30      AC:  1    Str: 11    XL:     4   Next: 42%
Magic:  4/4        EV: 13    Int: 13    God:
Gold:   80         SH:  0    Dex: 13    Spells: 3/3 levels left

rFire    . . .     SeeInvis .   j - +2 dagger (venom)
rCold    . . .     Gourm    .   (no shield)
rNeg     . . .     Faith    +   (helmet restricted)
rPois    .         Spirit   .   h - amulet of faith
rElec    .         Reflect  .   (no ring)
rCorr    .         Harm     .   (no ring)
MR       .....                  (no ring)
Stlth    ++++......             (no ring)
HPRegen  0.10/turn              (no ring)
MPRegen  0.09/turn              (no ring)
                                (no ring)
                                (no ring)

@: no status effects
A: almost no armour, stealthy swim, amphibious, 8 rings, constrict 8, camouflage
1, gelatinous body 1
a: no special abilities


You were on level 3 of the Dungeon.
You were not hungry.

You visited 1 branch of the dungeon, and saw 3 of its levels.

You collected 80 gold pieces.

Inventory:

Hand Weapons
 a - a +2 dagger
 j - a +2 dagger of venom (weapon)
Missiles
 b - 17 poisoned darts (quivered)
 c - 2 curare-tipped darts
 g - 21 stones
Jewellery
 h - an amulet of faith (around mantle)
 t - a cursed -4 ring of protection {unknown}
Scrolls
 f - a scroll of remove curse
 o - a scroll of enchant armour
 q - a scroll of immolation {unknown}
 s - a scroll of teleportation {unknown}
Potions
 e - a potion of brilliance
 i - a potion of heal wounds {unknown}
 l - a potion of degeneration {unknown}
 m - a potion of curing {unknown}
 n - a potion of resistance {unknown}
 p - a potion of might {unknown}
 r - a potion of magic
Comestibles
 d - 5 rations
 k - 5 chunks of flesh


   Skills:
 + Level 2.6 Fighting
 + Level 2.6 Short Blades
 + Level 2.6 Throwing
 + Level 1.9 Dodging
 + Level 5.9 Stealth


You had 3 spell levels left.
You didn't know any spells.
Your spell library was empty.

Dungeon Overview and Level Annotations

Branches:
Dungeon (3/15)

Altars:


Innate Abilities, Weirdness & Mutations

You cannot wear most types of armour.
You are very stealthy in the water. (Stealth+)
You are amphibious.
You can wear up to eight rings at the same time.
You can use your tentacles to constrict eight enemies at once.
Your skin changes colour to match your surroundings (Stealth+).
Your rubbery body absorbs attacks. (AC +1, EV +1)


Message History

The gnoll shouts!
You hit the gnoll but do no damage.
The gnoll is poisoned.
The gnoll is lightly wounded.
You constrict the gnoll, but do no damage.
The gnoll barely misses you.
You hit the gnoll.
The gnoll looks as sick as possible!
The gnoll is lightly wounded.
You constrict the gnoll. The gnoll hits you with a +0 spear.
* * * LOW HITPOINT WARNING * * *
You hit the gnoll but do no damage.
The gnoll looks as sick as possible!
The gnoll is moderately wounded.
You constrict the gnoll. You hit the gnoll but do no damage.
The gnoll looks as sick as possible!
You squeeze the gnoll!
You kill the gnoll!
The gnoll closely misses you.
The gnoll hits you from afar with a +0 spear!
* * * LOW HITPOINT WARNING * * *
The gnoll hits you from afar with a +0 spear!
You die...

#.# #.###.#####
#.# #.# #.#
##.#####.# #.#
#........# #.#
#..####### #.#
#..# #.#
#..#########.#
#..........
#@#######.#
#..gg.g.#.#
#######.#.#
#.#.#
##g#.#######
###..g......†##
#:......g......
#.#....†#......
#.#......†..(.(


You could see 3 gnolls.

Vanquished Creatures
  A gnoll (D:3)
  An adder (D:3)
  A worm (D:3)
  2 dart slugs (D:1)
  A leopard gecko (D:1)
  5 orcs (D:3)
  A ball python (D:1)
  3 giant cockroaches
  6 goblins
  3 hobgoblins (D:1)
  5 jackals
  5 bats
  2 frilled lizards (D:3)
  6 kobolds
  4 rats
46 creatures vanquished.

Notes
Turn   | Place    | Note
-------+----------+-------------------------------------------
     0 | D:1      | mbyx9jk2 the Octopode Assassin began the quest for the Orb.
     0 | D:1      | Reached XP level 1. HP: 14/14 MP: 1/1
   168 | D:1      | Reached XP level 2. HP: 19/19 MP: 2/2
   602 | D:1      | Reached XP level 3. HP: 23/24 MP: 3/3
  1480 | D:3      | Reached XP level 4. HP: 30/30 MP: 4/4
  1548 | D:3      | HP: 1/30 [gnoll/+0 spear (8)]
  1554 | D:3      | Mangled by a gnoll

Illustrated notes

Levels and vault maps discovered:
D:1:      lightli_arrival_maybe_door_vault, layout_basic
D:2:      layout_rooms
D:3:      layout_loops_ring, chequers_ecumenical_altar_simple_redux

Action                   |  1- 3 |  4- 6 || total
-------------------------+-------+-------++-------
Melee: Dagger            |    67 |    23 ||    90
       Constrict         |    16 |     5 ||    21
       Tentacles         |    11 |     4 ||    15
Throw: Dart              |     5 |     3 ||     8
  Use: Scroll            |     5 |       ||     5
 Stab: Sleeping          |    13 |       ||    13
       Distracted        |     1 |       ||     1
  Eat: Chunk             |     2 |       ||     2
Armor: Skin              |     6 |     4 ||    10
Dodge: Dodged            |    26 |    21 ||    47

Table legend:
 A = Non-vault XP
 B = Vault XP
 C = Vault XP percentage of total XP
 D = Non-vault monster count
 E = Vault monster count
 F = Vault count percentage of total count
                 A         B        C        D         E       F
            +---------+---------+-------+---------+---------+-------
      Total |     117 |       0 |   0.0 |      46 |       0 |   0.0
            +---------+---------+-------+---------+---------+-------
        D:1 |      38 |       0 |   0.0 |      19 |       0 |   0.0
        D:2 |      19 |       0 |   0.0 |      11 |       0 |   0.0
        D:3 |      60 |       0 |   0.0 |      16 |       0 |   0.0
            +---------+---------+-------+---------+---------+-------
